 Dungeon Crawl Stone Soup version 0.30.0-19-g36f170ea60 (webtiles) character file.

Game seed: 6090024576844814157

324 RascalDebosk the Magician (level 6, -1/46 HPs)
             Began as a Djinni Warper on May 30, 2023.
             Killed by nerve-wracking pain
             ... invoked by Grinder
              (14 damage)
             ... on level 2 of the Dungeon.
             The game lasted 00:22:06 (3029 turns).

RascalDebosk the Magician (Djinni Warper)           Turns: 3029, Time: 00:22:06

Health: -1/46      AC:  7    Str: 10    XL:     6   Next: 77%
Gold:   124        EV: 11    Int: 17    God:
                   SH:  0    Dex: 12

rFire   + + .        a - +0 falchion
rCold   x . .        (no shield)
rNeg    . . .        b - +0 leather armour
rPois   ∞            (no helmet)
rElec   .            (no cloak)
rCorr   .            (no gloves)
SInv    .            (boots unavailable)
Will    .....        (no amulet)
Stlth   +            k - +4 ring of protection
HPRegen 0.27/turn    (no ring)
MPRegen 0.00/turn

%: infuse magic (-2 HP)
@: flying
A: sickness immunity, fire resistance 2, cold vulnerability 1, float, innate
caster, HP casting, extra vitality 1
a: no special abilities


You were on level 2 of the Dungeon.
You visited 1 branch of the dungeon, and saw 3 of its levels.

You collected 150 gold pieces.
You spent 26 gold pieces at shops.

Inventory:

Hand Weapons
 a - a +0 falchion (weapon)
Missiles
 d - 7 boomerangs of dispersal (quivered)
 p - 4 boomerangs
Armour
 b - a +0 leather armour (worn)
Jewellery
 k - a +4 ring of protection (left hand)
Wands
 r - a wand of quicksilver (5)
Scrolls
 e - a scroll of amnesia {unknown}
 f - a scroll of teleportation {unknown}
 h - 2 scrolls of poison {unknown}
 i - 4 scrolls of identify
 j - a scroll of enchant weapon {unknown}
 m - 2 scrolls of fear {unknown}
Potions
 c - a potion of curing {unknown}
 l - 2 potions of mutation {unknown}
 n - a potion of brilliance {unknown}
 o - a potion of berserk rage {unknown}
 q - a potion of heal wounds {unknown}


   Skills:
 + Level 3.0 Fighting
 - Level 1.7 Long Blades
 - Level 0.7 Throwing
 + Level 2.4 Armour
 - Level 2.1 Dodging
 * Level 4.8 Spellcasting


You knew the following spells:

 Your Spells              Type           Power      Damage    Failure   Level
a - Blink                 Tloc           40%        N/A       4%          2
b - Lesser Beckoning      Tloc           40%        N/A       4%          2
c - Vhi's Electric Charg  Tloc/Air       40%        N/A       8%          3
d - Teleport Other        Tloc           20%        N/A       8%          3
e - Manifold Assault      Tloc           20%        N/A       26%         4
f - Necrotise             Necr           80%        1d8       2%          1
g - Ensorcelled Hibernat  Hex/Ice        40%        N/A       4%          2
Your spell library was empty.

Dungeon Overview and Level Annotations

Branches:
Dungeon (3/15)

Altars:

Shops:
D:1 ?

Annotations:
D:2 Grinder


Innate Abilities, Weirdness & Mutations

You are immune to sickness and miasma.
You are immune to poison.
Your flesh is very heat resistant. (rF++)
You are vulnerable to cold. (rC-)
You float through the air rather than walking.
You learn spells naturally, not from books.
Your magical power is your life essence.
You have superior vitality. (+4 MHP)


Message History

A gnoll comes into view. It is wielding a +0 spear.
The gnoll shouts!
You hear a shout!
You hear an angry hiss.
Grinder gestures at you.
You suddenly lose the ability to move!
The gnoll moves out of view.
A gnoll comes into view. It is wielding a +0 whip.
You feel stable enough to blink again. The bat hits you but does no damage. x2
Grinder blinks!
The bat hits you but does no damage. x2
A gnoll comes into view. It is wielding a +0 spear.
Grinder hits you.
* * * LOW HITPOINT WARNING * * *
The gnoll shouts!
The bat hits you but does no damage. Grinder gestures at you.
You shrug off the repeated paralysis!
Your magical contamination has completely faded away.
You can move again.
Blink to where?
Press: ? - help, Dir - move target
As you read the scroll of blinking, it crumbles to dust.
There is a stone staircase leading down here.
Grinder blinks!
Grinder gestures at you. Pain shoots through your body!
* * * LOW HITPOINT WARNING * * *
The bat hits you but does no damage. The bat attacks as you move away!
The bat barely misses you. The bat closely misses you.
The bat hits you but does no damage. The bat attacks as you move away!
The bat hits you but does no damage. x2
The bat hits you.
* * * LOW HITPOINT WARNING * * *
Grinder says, "FISH!"
Grinder blinks!
The bat hits you but does no damage. x2
The bat closely misses you. The bat hits you but does no damage.
The bat barely misses you.
There is a stone staircase leading up here.
You hit the bat.
You kill the bat!
You fly upwards.
There is a stone staircase leading down here.
You start resting.
HP restored.
You fly downwards.
Level annotation: Grinder Grinder gestures at you.
You suddenly lose the ability to move!
Grinder gestures at you. Pain shoots through your body!
Grinder hits you but does no damage.
You can move again.
There is a stone staircase leading up here.
Casting: Blink (safe; 4% risk of failure)
Confirm with . or Enter, or press ? or * to list all spells.
The spell is quite dangerous to miscast (26% risk of failure)!
Continue anyway?
Space momentarily warps into an impossible shape!
You hit the gnoll. You barely miss the gnoll. Grinder hits you.
You writhe in agony.
Unknown command.
The gnoll completely misses you. Grinder barely misses you.
You fly upwards.
There is a stone staircase leading down here.
You barely miss the gnoll. The gnoll hits you with a +0 whip.
Grinder blinks!
You hit the gnoll.
The gnoll is moderately wounded.
The gnoll hits you but does no damage.
You barely miss the gnoll.
The gnoll is moderately wounded.
The gnoll closely misses you.
Grinder blinks!
You completely miss the gnoll.
The gnoll is moderately wounded.
The gnoll hits you with a +0 whip. x2
* * * LOW HITPOINT WARNING * * *
You barely miss the gnoll.
The gnoll is moderately wounded.
The gnoll hits you with a +0 whip.
* * * LOW HITPOINT WARNING * * *
You closely miss the gnoll.
The gnoll is moderately wounded.
The gnoll hits you with a +0 whip.
* * * LOW HITPOINT WARNING * * *
You hit the gnoll but do no damage.
The gnoll is moderately wounded.
The gnoll hits you with a +0 whip.
* * * LOW HITPOINT WARNING * * *
You hit the gnoll.
The gnoll is severely wounded.
The gnoll barely misses you.
You barely miss the gnoll.
The gnoll is severely wounded.
The gnoll hits you but does no damage. Grinder misses you.
The gnoll closely misses you.
Grinder blinks!
You hit the gnoll.
You kill the gnoll!
Unknown command.
Grinder gestures at you. Pain shoots through your body!
You die...

#..#####...# #......##.##
###############..######.##
....................##...#
..###.###....#......###.##
.......##....#......#.#.#
.......##....#|.....#...#
........'...5.§>....#.###
##.....##....#..@...#.#
#.....##...........#.#
##.....##....##.##'##.#
##.....####...........#
##.....# #..........##
##.....# #..........#
##.....# #..........#
######## #..........# #
#####..†########


You could see Grinder.

Vanquished Creatures
  Sigmund (D:2)
  An orc priest (D:3)
  Jessica (D:2)
  A gnoll (D:2)
  4 adders
  3 dart slugs
  5 orcs (D:3)
  7 ball pythons
  2 endoplasms (D:2)
  2 giant cockroaches (D:1)
  4 goblins
  9 hobgoblins
  2 jackals (D:2)
  5 quokkas
  4 bats
  2 frilled lizards
  3 kobolds
  6 rats
62 creatures vanquished.

Notes
Turn   | Place    | Note
-------+----------+-------------------------------------------
     0 | D:1      | RascalDebosk the Djinni Warper began the quest for the Orb.
     0 | D:1      | RascalDebosk set off with the following spells memorised:
                  | Blink, Lesser Beckoning, Vhi's Electric Charge, Teleport
                  | Other, Manifold Assault.
     0 | D:1      | Reached XP level 1. HP: 18/18 MP: 0/0
   111 | D:1      | Reached XP level 2. HP: 23/23 MP: 0/0
   154 | D:1      | Reached skill level 3 in Spellcasting
   498 | D:1      | Reached XP level 3. HP: 28/28 MP: 0/0
   498 | D:1      | Learned a level 1 spell: Necrotise
   566 | D:1      | Found Vaif's Magic Scroll Shoppe.
   783 | D:1      | Bought a scroll of identify for 26 gold pieces
  1280 | D:2      | Found a faded altar of an unknown god.
  1320 | D:2      | Reached XP level 4. HP: 33/33 MP: 0/0
  1441 | D:2      | Noticed Jessica
  1446 | D:2      | Killed Jessica
  1447 | D:2      | Reached skill level 4 in Spellcasting
  1760 | D:2      | Reached XP level 5. HP: 18/38 MP: 0/0
  1760 | D:2      | Learned a level 2 spell: Ensorcelled Hibernation
  1851 | D:2      | Noticed Sigmund
  1904 | D:2      | Killed Sigmund
  1905 | D:2      | Reached XP level 6. HP: 14/45 MP: 0/0
  2666 | D:3      | Noticed Grinder
  2858 | D:3      | Paralysed by Grinder for 3 turns
  2864 | D:3      | Paralysed by Grinder for 5 turns
  3011 | D:3      | Paralysed by Grinder for 5 turns
  3029 | D:2      | Killed from afar by Grinder

Illustrated notes

Levels and vault maps discovered:
D:1:      matt_arrival_grand_opening, layout_loops_corners, serial_shops, shop
D:2:      layout_basic, basic_altar, nicolae_ecumenical_snake_handling,
          amcnicky_mini_corridor_feature, kennysheep_cluttered_room,
          uniq_sigmund, uniq_jessica
D:3:      layout_loops_ring, chequers_arboretum, uniq_grinder

Skill      XL: |  1  2  3  4  5  6 |
---------------+-------------------+-----
Spellcasting   | 3 4 |  4.8
Armour         | 2 |  2.4
Fighting       | 3 |  3.0
Long Blades    | |  1.7
Throwing       | |  0.7
Dodging        | |  2.1

Action                     |  1- 3 |  4- 6 || total
---------------------------+-------+-------++-------
  Melee: Falchion          |   109 |   118 ||   227
         Punch             |       |     1 ||     1
   Cast: Necrotise         |     5 |    11 ||    16
         Vhi's Electric Ch |     2 |     7 ||     9
         Manifold Assault  |       |    14 ||    14
         Teleport Other    |       |     1 ||     1
         Blink             |       |     1 ||     1
    Use: Scroll            |       |     1 ||     1
   Stab: Sleeping          |     1 |       ||     1
 Armour: Leather armour    |    72 |    57 ||   129
  Dodge: Dodged            |    74 |    62 ||   136
